SAAA
HIALEAH DODOS @ PHOENIX HOTSPUR RESERVES
09/16/2038
 
TOP OF THE 1ST
Hialeah Dodos batting - Pitching for Phoenix Hotspur Reserves : RHP José Lucero
Pitching: RHP José Lucero
Batting: RHB Paul Tate 0-0: Ball
1-0: Ball
2-0: Ball
3-0: Base on Balls
Batting: RHB Jorge Díaz 0-0: 2-RUN HOME RUN (Flyball, 89XD, EV 110.6 MPH), Distance : 423 ft
Batting: RHB Hugh Mungus 0-0: Ground out 6-3 (Groundball, 6, EV 88.8 MPH)
Batting: SHB Leon Green 0-0: Foul Ball, location: 2F
0-1: Ball
1-1: DOUBLE (Line Drive, 8RXD, EV 101.2 MPH)
Batting: LHB Dallas McMurran 0-0: Ball
1-0: Called Strike
1-1: Ball
2-1: Ball
3-1: Base on Balls
Batting: RHB Jon Deal 0-0: Called Strike
0-1: Ball
1-1: Called Strike
1-2: Foul Ball, location: 2F
1-2: Fly out, F7 (Flyball, 7LS, EV 88.8 MPH)
Batting: RHB Gabrio Campoverde 0-0: Called Strike
0-1: Called Strike
0-2: Ball
1-2: Fly out, F7 (Flyball, 78S, EV 85.0 MPH)
Top of the 1st over - 2 runs, 2 hits, 0 errors, 2 left on base; Hialeah 2 - Phoenix 0
BOTTOM OF THE 1ST
Phoenix Hotspur Reserves batting - Pitching for Hialeah Dodos : RHP Rob Silva
Pitching: RHP Rob Silva
Batting: LHB Malibok Herreria 0-0: Called Strike
0-1: Called Strike
0-2: Foul Ball, location: 2F
0-2: Strikes out swinging
Batting: RHB Paco González 0-0: Foul Ball, location: 2F
0-1: Foul Ball, location: 2F
0-2: Ball
1-2: Ball
2-2: Foul Ball, location: 2F
2-2: Foul Ball, location: 2F
2-2: Strikes out swinging
Batting: RHB Ilkka Haapajarvi 0-0: Foul Ball, location: 2F
0-1: Called Strike
0-2: Foul Ball, location: 2F
0-2: Foul Ball, location: 2F
0-2: Strikes out swinging
Bottom of the 1st over - 0 runs, 0 hits, 0 errors, 0 left on base; Hialeah 2 - Phoenix 0
TOP OF THE 2ND
Hialeah Dodos batting - Pitching for Phoenix Hotspur Reserves : RHP José Lucero
Batting: RHB Chet Hollis 0-0: Ball
1-0: Called Strike
1-1: Ball
2-1: Foul Ball, location: 2F
2-2: Strikes out swinging
Batting: RHB Ray Covalt 0-0: Ground out 5-3 (Groundball, 5, EV 87.5 MPH)
Batting: RHB Paul Tate 0-0: Ball
1-0: Ball
2-0: Swinging Strike
2-1: Fly out, F7 (Flyball, 78M, EV 97.5 MPH)
Top of the 2nd over - 0 runs, 0 hits, 0 errors, 0 left on base; Hialeah 2 - Phoenix 0
BOTTOM OF THE 2ND
Phoenix Hotspur Reserves batting - Pitching for Hialeah Dodos : RHP Rob Silva
Batting: LHB Carlos Rodríguez 0-0: Swinging Strike
0-1: Called Strike
0-2: Ball
1-2: Ball
2-2: Ball
3-2: Strikes out looking
Batting: RHB Tyler Hannah 0-0: Called Strike
0-1: Ball
1-1: Ball
2-1: Called Strike
2-2: Foul Ball, location: 2F
2-2: Foul Ball, location: 2F
2-2: Ball
3-2: Fly out, F3 (Popup, 3F, EV 58.1 MPH)
Batting: RHB Denny Pickett 0-0: Swinging Strike
0-1: Ball
1-1: Ball
2-1: Ball
3-1: Called Strike
3-2: Ground out 5-3 (Groundball, 56, EV 78.1 MPH)
Bottom of the 2nd over - 0 runs, 0 hits, 0 errors, 0 left on base; Hialeah 2 - Phoenix 0
TOP OF THE 3RD
Hialeah Dodos batting - Pitching for Phoenix Hotspur Reserves : RHP José Lucero
Batting: RHB Jorge Díaz 0-0: Ball
1-0: SINGLE (Groundball, 4MD, EV 102.5 MPH)
Batting: RHB Hugh Mungus 0-0: Ball
1-0: SINGLE (Groundball, 6D, EV 111.9 MPH)
Jorge Díaz to second
Batting: SHB Leon Green 0-0: Called Strike
0-1: Foul Ball, location: 2F
0-2: Ball
1-2: Foul Ball, location: 2F
1-2: Ball
2-2: Ball
3-2: Foul Ball, location: 2F
3-2: Foul Ball, location: 2F
3-2: DOUBLE (Flyball, 78XD, EV 101.2 MPH)
Jorge Díaz scores
Hugh Mungus to third
Batting: LHB Dallas McMurran 0-0: Ball
1-0: Called Strike
1-1: Fly out, F9 (Flyball, 9, EV 83.1 MPH)
Batting: RHB Jon Deal 0-0: Called Strike
0-1: Ground out 3-1 (Groundball, 34, EV 100.6 MPH)
Hugh Mungus scores
Leon Green to third
Batting: RHB Gabrio Campoverde 0-0: Ball
1-0: Fly out, F9 (Line Drive, 9, EV 95.0 MPH)
Top of the 3rd over - 2 runs, 3 hits, 0 errors, 1 left on base; Hialeah 4 - Phoenix 0
BOTTOM OF THE 3RD
Phoenix Hotspur Reserves batting - Pitching for Hialeah Dodos : RHP Rob Silva
Batting: RHB Jeff Oglethorpe 0-0: Foul Ball, location: 2F
0-1: Ball
1-1: Foul Ball, location: 2F
1-2: Foul Ball, location: 2F
1-2: Ball
2-2: Fly out, F9 (Flyball, 89S, EV 73.1 MPH)
Batting: RHB Bernardo Rivera 0-0: Ball
1-0: Ball
2-0: Foul Ball, location: 2F
2-1: Ball
3-1: Fly out, F8 (Line Drive, 8LD, EV 91.2 MPH)
Batting: LHB Damian Alldred 0-0: Called Strike
0-1: Swinging Strike
0-2: Foul Ball, location: 2F
0-2: Foul Ball, location: 2F
0-2: Foul Ball, location: 2F
0-2: Foul Ball, location: 2F
0-2: Ball
1-2: Strikes out looking
Bottom of the 3rd over - 0 runs, 0 hits, 0 errors, 0 left on base; Hialeah 4 - Phoenix 0
TOP OF THE 4TH
Hialeah Dodos batting - Pitching for Phoenix Hotspur Reserves : RHP José Lucero
Batting: RHB Chet Hollis 0-0: Foul Ball, location: 2F
0-1: Ground out 5-3 (Groundball, 56S, EV 68.1 MPH)
Batting: RHB Ray Covalt 0-0: Ball
1-0: Ground out 4-3 (Groundball, 4, EV 90.0 MPH)
Batting: RHB Paul Tate 0-0: Fly out, F8 (Flyball, 8RXD, EV 103.8 MPH)
Top of the 4th over - 0 runs, 0 hits, 0 errors, 0 left on base; Hialeah 4 - Phoenix 0
BOTTOM OF THE 4TH
Phoenix Hotspur Reserves batting - Pitching for Hialeah Dodos : RHP Rob Silva
Batting: LHB Malibok Herreria 0-0: Ball
1-0: Fly out, F8 (Flyball, 8LXD, EV 97.5 MPH)
Batting: RHB Paco González 0-0: Foul Ball, location: 2F
0-1: Ball
1-1: Ball
2-1: SINGLE (Groundball, 56, EV 90.6 MPH) (infield hit)
Batting: RHB Ilkka Haapajarvi 0-0: Ball
1-0: Called Strike
1-1: Ball
2-1: Called Strike
2-2: Fly out, F4 (Popup, 4S, EV 87.5 MPH)
Batting: LHB Carlos Rodríguez 0-0: 2-RUN HOME RUN (Flyball, 9D, EV 99.4 MPH), Distance : 383 ft
Batting: RHB Tyler Hannah 0-0: Foul Ball, location: 2F
0-1: Ball
1-1: Foul Ball, location: 2F
1-2: Ball
2-2: Fly out, F8 (Flyball, 8LD, EV 98.1 MPH)
Bottom of the 4th over - 2 runs, 2 hits, 0 errors, 0 left on base; Hialeah 4 - Phoenix 2
TOP OF THE 5TH
Hialeah Dodos batting - Pitching for Phoenix Hotspur Reserves : RHP José Lucero
Batting: RHB Jorge Díaz 0-0: Called Strike
0-1: Ball
1-1: Foul Ball, location: 2F
1-2: Fly out, F4 (Popup, 4M, EV 72.5 MPH)
Batting: RHB Hugh Mungus 0-0: Ball
1-0: Foul Ball, location: 2F
1-1: Ball
2-1: Ball
3-1: Ground out 4-3 (Groundball, 4, EV 100.6 MPH)
Batting: SHB Leon Green 0-0: Ball
1-0: Ball
2-0: Ball
3-0: Called Strike
3-1: Base on Balls
Batting: LHB Dallas McMurran 0-0: SINGLE (Groundball, 34D, EV 101.2 MPH)
Leon Green to second
Runner from 2nd tries for 3rd, SAFE, no throw by RF
Batting: RHB Jon Deal 0-0: Ball
1-0: Foul Ball, location: 2F
1-1: Ball
2-1: Foul Ball, location: 2F
2-2: Fly out, F8 (Flyball, 8RS, EV 88.8 MPH)
Top of the 5th over - 0 runs, 1 hit, 0 errors, 2 left on base; Hialeah 4 - Phoenix 2
BOTTOM OF THE 5TH
Phoenix Hotspur Reserves batting - Pitching for Hialeah Dodos : RHP Rob Silva
Batting: RHB Denny Pickett 0-0: Swinging Strike
0-1: Ball
1-1: Foul Ball, location: 2F
1-2: Ball
2-2: Foul Ball, location: 2F
2-2: Foul Ball, location: 2F
2-2: Ball
3-2: Foul Ball, location: 2F
3-2: SINGLE (Line Drive, 8RS, EV 103.1 MPH)
Batting: RHB Jeff Oglethorpe 0-0: Foul Ball, location: 2F
0-1: Called Strike
0-2: Ball
1-2: Strikes out swinging
Batting: RHB Bernardo Rivera 0-0: Ball
1-0: Called Strike
1-1: Ball
2-1: Ball
3-1: Called Strike
3-2: Foul Ball, location: 2F
3-2: Foul Ball, location: 2F
3-2: Ground out U3 (Groundball, 3, EV 75.0 MPH)
Denny Pickett to second
Batting: LHB Damian Alldred 0-0: Called Strike
0-1: Called Strike
0-2: Reached on error, E8 (Flyball, 78D, EV 98.1 MPH)
Denny Pickett scores
Pitching: LHP Stan Lowe
Batting: LHB Malibok Herreria 0-0: Called Strike
0-1: Ball
1-1: Foul Ball, location: 2F
1-2: Ball
2-2: Foul Ball, location: 2F
2-2: Strikes out swinging
Bottom of the 5th over - 1 run, 1 hit, 1 error, 1 left on base; Hialeah 4 - Phoenix 3
TOP OF THE 6TH
Hialeah Dodos batting - Pitching for Phoenix Hotspur Reserves : RHP José Lucero
Batting: RHB Gabrio Campoverde 0-0: Fly out, F7 (Flyball, 8LM, EV 78.8 MPH)
Batting: RHB Chet Hollis 0-0: Foul Ball, location: 2F
0-1: Called Strike
0-2: Ball
1-2: Fly out, F7 (Flyball, 78S, EV 86.9 MPH)
Batting: RHB Ray Covalt 0-0: Called Strike
0-1: Ball
1-1: Called Strike
1-2: Foul Ball, location: 2F
1-2: Ground out 6-3 (Groundball, 6MS, EV 69.4 MPH)
Top of the 6th over - 0 runs, 0 hits, 0 errors, 0 left on base; Hialeah 4 - Phoenix 3
BOTTOM OF THE 6TH
Phoenix Hotspur Reserves batting - Pitching for Hialeah Dodos : LHP Stan Lowe
Batting: RHB Paco González 0-0: Called Strike
0-1: Ball
1-1: Swinging Strike
1-2: Ball
2-2: SINGLE (Groundball, 4MD, EV 108.1 MPH)
Batting: RHB Ilkka Haapajarvi 0-0: Foul Ball, location: 2F
0-1: Ball
1-1: Ball
2-1: Foul Ball, location: 2F
2-2: Ball
3-2: SINGLE (Groundball, 5, EV 107.5 MPH) (infield hit)
Paco González to second
Batting: LHB Carlos Rodríguez 0-0: Ball
1-0: Ball
2-0: Ball
3-0: Base on Balls
Paco González to third
Ilkka Haapajarvi to second
Batting: RHB Tyler Hannah 0-0: Ball
1-0: Fly out, F7 (Flyball, 7S, EV 79.4 MPH)
Batting: RHB Denny Pickett 0-0: Ball
1-0: Ball
2-0: Ball
3-0: Called Strike
3-1: Swinging Strike
3-2: Fly out, F7 (Flyball, 78S, EV 84.4 MPH)
Batting: RHB Jeff Oglethorpe 0-0: Called Strike
0-1: Ball
1-1: Ball
2-1: Ball
Wild Pitch!
Paco González scores
Ilkka Haapajarvi to third
Carlos Rodríguez to second
3-1: Foul Ball, location: 2F
3-2: SINGLE (Line Drive, 9S, EV 103.8 MPH)
Ilkka Haapajarvi scores
Carlos Rodríguez to third
Carlos Rodríguez scores
Pitching: RHP Kenny Hannah
Batting: RHB Bernardo Rivera 0-0: Ball
1-0: Ball
2-0: Ball
3-0: Base on Balls
Jeff Oglethorpe to second
Batting: LHB Damian Alldred 0-0: Ball
1-0: Swinging Strike
1-1: Swinging Strike
1-2: Strikes out looking
Bottom of the 6th over - 3 runs, 3 hits, 0 errors, 2 left on base; Hialeah 4 - Phoenix 6
TOP OF THE 7TH
Hialeah Dodos batting - Pitching for Phoenix Hotspur Reserves : RHP José Lucero
Batting: RHB Paul Tate 0-0: Called Strike
0-1: Ball
1-1: Foul Ball, location: 2F
1-2: Foul Ball, location: 2F
1-2: Ground out 4-3 (Groundball, 4, EV 82.5 MPH)
Batting: RHB Jorge Díaz 0-0: Ball
1-0: Ball
2-0: Called Strike
2-1: Swinging Strike
2-2: Ball
3-2: SINGLE (Line Drive, 56, EV 103.1 MPH)
Batting: RHB Hugh Mungus 0-0: Called Strike
0-1: Fly out, F4 (Flyball, 4D, EV 81.2 MPH)
Batting: SHB Leon Green 0-0: Ball
1-0: Foul Ball, location: 2F
1-1: Ball
2-1: Fly out, F5 (Popup, 56, EV 61.9 MPH)
Top of the 7th over - 0 runs, 1 hit, 0 errors, 1 left on base; Hialeah 4 - Phoenix 6
BOTTOM OF THE 7TH
Phoenix Hotspur Reserves batting - Pitching for Hialeah Dodos : RHP Kenny Hannah
Batting: LHB Malibok Herreria 0-0: Ball
1-0: Ball
2-0: Ground out 6-3 (Groundball, 6, EV 85.0 MPH)
Batting: RHB Paco González 0-0: Ball
1-0: Swinging Strike
1-1: Called Strike
1-2: Ball
2-2: Foul Ball, location: 2F
2-2: Ball
3-2: Strikes out swinging
Batting: RHB Ilkka Haapajarvi 0-0: Called Strike
0-1: Foul Ball, location: 2F
0-2: TRIPLE (Flyball, 8LXD, EV 101.9 MPH)
Batting: LHB Carlos Rodríguez 0-0: Ball
Wild Pitch!
Ilkka Haapajarvi scores
1-0: Ball
2-0: Foul Ball, location: 2F
2-1: Ball
3-1: Base on Balls
Batting: RHB Tyler Hannah 0-0: Called Strike
0-1: Ball
1-1: Ball
2-1: Foul Ball, location: 2F
2-2: Strikes out looking
Bottom of the 7th over - 1 run, 1 hit, 0 errors, 1 left on base; Hialeah 4 - Phoenix 7
TOP OF THE 8TH
Hialeah Dodos batting - Pitching for Phoenix Hotspur Reserves : RHP José Lucero
Pitching: LHP Neal Burns
Batting: LHB Dallas McMurran 0-0: Fly out, F9 (Flyball, 89D, EV 101.2 MPH)
Batting: RHB Jon Deal 0-0: Ground out 4-3 (Groundball, 4, EV 100.6 MPH)
Batting: RHB Gabrio Campoverde 0-0: Fly out, F6 (Flyball, 56D, EV 93.8 MPH)
Top of the 8th over - 0 runs, 0 hits, 0 errors, 0 left on base; Hialeah 4 - Phoenix 7
BOTTOM OF THE 8TH
Phoenix Hotspur Reserves batting - Pitching for Hialeah Dodos : RHP Kenny Hannah
Batting: RHB Denny Pickett 0-0: Foul Ball, location: 2F
0-1: Called Strike
0-2: Hit by Pitch
Batting: RHB Jeff Oglethorpe 0-0: Ball
1-0: Ball
2-0: Sac Bunt to 13 - play at first, batter OUT! 1-4
Denny Pickett to second
Batting: RHB Bernardo Rivera 0-0: Ball
1-0: Ball
2-0: Ball
3-0: Called Strike
3-1: Base on Balls
Pitching: LHP Sergio Vargas
Batting: LHB Damian Alldred 0-0: Ball
1-0: Swinging Strike
1-1: Foul Ball, location: 2F
1-2: Strikes out swinging
Batting: LHB Malibok Herreria 0-0: Ball
1-0: Fly out, F8 (Flyball, 78M, EV 95.0 MPH)
Bottom of the 8th over - 0 runs, 0 hits, 0 errors, 2 left on base; Hialeah 4 - Phoenix 7
TOP OF THE 9TH
Hialeah Dodos batting - Pitching for Phoenix Hotspur Reserves : LHP Neal Burns
Pitching: RHP Juan Morán
Batting: RHB Chet Hollis 0-0: Called Strike
0-1: Ground out 5-3 (Groundball, 5L, EV 90.0 MPH)
Pitching: LHP José Santiago
Batting: RHB Ray Covalt 0-0: Ball
1-0: Foul Ball, location: 2F
1-1: Ball
2-1: Fly out, F9 (Line Drive, 9D, EV 106.2 MPH)
Batting: RHB Paul Tate 0-0: Called Strike
0-1: Ball
1-1: Foul Ball, location: 2F
1-2: Foul Ball, location: 2F
1-2: Ball
2-2: Ball
3-2: Fly out, F4 (Popup, 4, EV 62.5 MPH)
Top of the 9th over - 0 runs, 0 hits, 0 errors, 0 left on base; Hialeah 4 - Phoenix 7
Friday, April 17th, 2020 - OOTP Baseball 20.8 Build 74